 Dungeon Crawl Stone Soup version 0.31-a0-202-g547052bce9 (webtiles) character file.

Game seed: 13893159063923530841

83 qw the Shooter (level 4, -4/25 HPs)
             Began as a Deep Elf Hunter on June 26, 2023.
             Slain by an orc
             ... wielding a +0 flail
              (7 damage)
             ... on level 4 of the Dungeon.
             The game lasted 00:00:37 (1918 turns).

qw the Shooter (Deep Elf Hunter)                    Turns: 1918, Time: 00:00:37

Health: -4/25      AC:  6    Str: 10    XL:     4   Next: 22%
Magic:  6/6        EV: 11    Int: 14    God:
Gold:   108        SH:  0    Dex: 18    Spells: 3/3 levels left

rFire   . . .        Y - +1 shortbow (chaos)
rCold   . . .        (shield currently unavailable)
rNeg    . . .        f - +0 ring mail
rPois   .            (no helmet)
rElec   .            (no cloak)
rCorr   .            (no gloves)
SInv    .            h - +0 pair of boots
Will    .....        (no amulet)
Stlth   +            d - ring of willpower
HPRegen 0.24/turn    (no ring)
MPRegen 0.10/turn

%: no passive effects
@: about to teleport, weak-willed
A: no striking features
a: no special abilities


You were on level 4 of the Dungeon.
You visited 1 branch of the dungeon, and saw 4 of its levels.

You collected 108 gold pieces.


   Skills:
 - Level 1.5 Fighting
 + Level 7.6 Ranged Weapons
 - Level 2.4 Dodging
 - Level 1.2 Stealth


You had 3 spell levels left.
You didn't know any spells.
Your spell library was empty.

Inventory:

Hand Weapons
 Y - a +1 shortbow of chaos (weapon)
Armour
 f - a +0 ring mail (worn)
 h - a +0 pair of boots (worn)
Jewellery
 d - a ring of willpower (left hand)
Scrolls
 a - 2 scrolls of teleportation
 j - a scroll of identify
Potions
 b - a potion of mutation {unknown}
 c - 2 potions of curing
 g - a potion of heal wounds
 i - a potion of brilliance {unknown}

Dungeon Overview and Level Annotations

Branches:
Dungeon (4/15)
 Temple: D:4-7

Altars:

Annotations:
D:3 2 transporters, qw's ghost, weakling DEHu


Message History

The arrow closely misses the orc wizard.
The arrow barely misses the orc.
The orc wizard hits you but does no damage.
You shoot an arrow. The arrow barely misses the orc.
The arrow closely misses the orc wizard.
The arrow hits the orc.
The arrow freezes the orc.
The orc is heavily wounded.
The orc wizard hits you but does no damage.
You shoot an arrow.
The arrow closely misses the orc wizard.
The orc hits you but does no damage.
The orc wizard hits you with a +0 dagger.
The orc barely misses you. The orc closely misses you.
You shoot an arrow.
The arrow hits the orc wizard but does no damage.
The orc wizard is severely wounded.
The orc wizard barely misses you.
The orc wizard hits you with a +0 dagger.
The orc hits you with a +0 whip. The orc hits you but does no damage.
You shoot an arrow. The arrow hits the orc wizard.
The orc wizard is severely wounded.
The orc wizard hits you but does no damage.
The orc hits you with a +0 whip. The orc barely misses you.
The orc wizard hits you with a +0 dagger.
You shoot an arrow. The arrow hits the orc wizard.
You drain the orc wizard.
You kill the orc wizard!
The orc misses you. The orc closely misses you.
You have reached level 4!
You feel clever.
You shoot an arrow. The arrow closely misses the orc.
The orc barely misses you. The orc hits you with a +0 flail.
You shoot an arrow. The arrow closely misses the orc.
The orc hits you but does no damage. x2
You shoot an arrow. The arrow closely misses the orc.
The orc hits you with a +0 whip. The orc hits you with a +0 flail.
The orc barely misses you. The orc closely misses you.
1918 ||| READING 3 scrolls of teleportation.
As you read the scroll of teleportation, it crumbles to dust.
You feel strangely unstable. The orc misses you.
The orc hits you with a +0 flail!
You die...

.# # .# #. .#
.###. ....
.#####..###.#
.!....)oo...#
#########@#######
.................
###....<.###.###
#.<..##.### ###.
#.# #.# ..) #.#
#.#


You could see 2 orcs.

Vanquished Creatures
  An orc wizard (D:4)
  An adder (D:2)
  A worm (D:1)
  An orc (D:3)
  4 ball pythons
  5 endoplasms
  2 giant cockroaches
  7 goblins
  2 hobgoblins (D:2)
  7 kobolds
  A quokka (D:1)
  5 bats
  A frilled lizard (D:1)
  7 rats (D:1)
45 creatures vanquished.

Notes
Turn   | Place    | Note
-------+----------+-------------------------------------------
     0 | D:1      | qw the Deep Elf Hunter began the quest for the Orb.
     0 | D:1      | Reached XP level 1. HP: 12/12 MP: 3/3
     0 | D:1      | 0 ||| qw: Version: 0.3-a-22-g0ed2b0b
     0 | D:1      | 0 ||| qw: Game counter: 6063
     0 | D:1      | 0 ||| qw: Melee chars always use a shield: true
     0 | D:1      | 0 ||| qw: God list: Okawaru
     0 | D:1      | 0 ||| qw: Allow faded altars: false
     0 | D:1      | 0 ||| qw: Do Orc after clearing Dungeon:15 true
     0 | D:1      | 0 ||| qw: Do second Lair branch before Depths: true
     0 | D:1      | 0 ||| qw: Lair rune preference: random
     0 | D:1      | 0 ||| qw: Goals: Normal
     0 | D:1      | 0 ||| PLANNING D:1-11
   152 | D:1      | Reached XP level 2. HP: 16/16 MP: 4/4
   158 | D:1      | Reached skill level 6 in Ranged Weapons
   639 | D:1      | 639 ||| UPGRADING to +0 ring mail.
   649 | D:1      | 649 ||| DROPPING +0 leather armour.
   650 | D:1      | 650 ||| UPGRADING to ring of willpower.
   651 | D:1      | 651 ||| READING scroll labelled NERUHI GUXUCW.
   652 | D:1      | 652 ||| READING scroll labelled ZIUSMOTAIGG.
   653 | D:1      | 653 ||| READING 2 scrolls labelled FEPSEN CIPAOPH.
   654 | D:1      | 654 ||| DROPPING scroll of butterflies.
   690 | D:2      | 690 ||| STAIRDANCE
   690 | D:2      | HP: 3/16 [worm (7)]
   780 | D:2      | Reached XP level 3. HP: 20/20 MP: 5/5
  1149 | D:2      | Reached skill level 7 in Ranged Weapons
  1257 | D:2      | 1257 ||| READING 3 scrolls labelled YJIFFI IGIM.
  1260 | D:2      | 1260 ||| READING scroll labelled OWKEYS JAOTZ.
  1261 | D:2      | 1261 ||| READING scroll labelled KAATSEI QEATS.
  1262 | D:2      | 1262 ||| READING 3 scrolls of identify.
  1262 | D:2      | 1262 ||| IDENTIFYING yellow potion
  1263 | D:2      | 1263 ||| READING 2 scrolls of identify.
  1263 | D:2      | 1263 ||| IDENTIFYING silvery potion
  1264 | D:2      | 1264 ||| DROPPING potion of lignification.
  1478 | D:3      | Found a faded altar of an unknown god.
  1644 | D:3      | Found a transporter.
  1646 | D:3      | Noticed qw's ghost (weakling DEHu)
  1648 | D:3      | Found a transporter.
  1877 | D:3      | 1877 ||| UPGRADING to +0 pair of boots.
  1882 | D:3      | 1882 ||| READING scroll labelled SIKKAE TOGINON.
  1883 | D:3      | 1883 ||| DRINKING 3 sedimented brown potions.
  1915 | D:4      | Reached XP level 4. HP: 12/25 MP: 6/6
  1917 | D:4      | HP: 3/25 [orc/+0 flail (4)]
  1918 | D:4      | 1918 ||| READING 3 scrolls of teleportation.
  1918 | D:4      | Slain by an orc

Levels and vault maps discovered:
D:1:      onia_arrival_mini_maze, layout_basic, st_stairs_3
D:2:      layout_loops_cross
D:3:      layout_loops_ring, gammafunk_ghost_mausoleum,
          shapermc_ecumenical_altar_pompeii
D:4:      layout_basic, ebering_ghost_sewer_f

Skill      XL: |  1  2  3 |
---------------+----------+-----
Ranged Weapons | 6 7 |  7.6
Fighting       | |  1.5
Dodging        | |  2.4
Stealth        | |  1.2

Action                     |  1- 3 |  4- 6 || total
---------------------------+-------+-------++-------
   Fire: Shortbow          |    91 |     3 ||    94
    Use: Scroll            |     9 |     1 ||    10
         Potion            |     1 |       ||     1
 Armour: Ring mail         |    14 |     2 ||    16
  Dodge: Dodged            |    12 |     4 ||    16

Table legend:
 A = Non-vault XP
 B = Vault XP
 C = Vault XP percentage of total XP
 D = Non-vault monster count
 E = Vault monster count
 F = Vault count percentage of total count
                 A         B        C        D         E       F
            +---------+---------+-------+---------+---------+-------
      Total |     114 |       5 |   4.2 |      41 |       4 |   8.9
            +---------+---------+-------+---------+---------+-------
        D:1 |      31 |       5 |  13.9 |      19 |       4 |  17.4
        D:2 |      27 |       0 |   0.0 |      10 |       0 |   0.0
        D:3 |      18 |       0 |   0.0 |       9 |       0 |   0.0
        D:4 |      38 |       0 |   0.0 |       3 |       0 |   0.0
            +---------+---------+-------+---------+---------+-------
